 Dungeon Crawl Stone Soup version 0.27.1-33-g824d729ab1 (webtiles) character file.

Game seed: 4123008722993410137

5 ces the Insei (level 1, 0/17 HPs)
             Began as a Djinni Transmuter on Nov 24, 2021.
             Slain by a rat (3 damage)
             ... on level 1 of the Dungeon.
             The game lasted 00:00:22 (89 turns).

ces the Insei (Djinni Transmuter)                     Turns: 89, Time: 00:00:22

Health: 0/17       AC:  2    Str:  9    XL:     1   Next: 88%
Gold:   12         EV: 12    Int: 14    God:
                   SH:  0    Dex: 13

rFire    + + .     SeeInvis .     - Unarmed
rCold    x . .     Faith    .   (no shield)
rNeg     . . .     Spirit   .   a - +0 robe
rPois    ∞         Reflect  .   (no helmet)
rElec    .         Harm     .   (no cloak)
rCorr    .         Rampage  .   (no gloves)
Will     .....                  (boots unavailable)
Stlth    +.........             (no amulet)
HPRegen  0.05/turn              (no ring)
MPRegen  0.00/turn              (no ring)

@: flying
A: sickness immunity, fire resistance 2, cold vulnerability 1, float, innate
caster, hp casting, extra vitality 1
a: no special abilities


You were on level 1 of the Dungeon.
You visited 1 branch of the dungeon, and saw 1 of its levels.

You collected 12 gold pieces.

Inventory:

Armour
 a - a +0 robe (worn)
Scrolls
 c - a scroll of vulnerability {unknown}
Potions
 b - a potion of lignification {unknown}


   Skills:
 + Level 1.0 Fighting
 + Level 2.1 Dodging
 + Level 3.2 Unarmed Combat
 + Level 1.7 Spellcasting


You couldn't memorise any spells.
You knew the following spells:

 Your Spells              Type           Power      Damage    Failure   Level
a - Beastly Appendage     Tmut           12%        N/A       12%         1
b - Wereblood             Tmut           6%         N/A       19%         2
c - Spider Form           Tmut/Pois      3%         N/A       34%         3
d - Ice Form              Ice/Tmut       6%         N/A       75%         4
Your spell library was empty.

Dungeon Overview and Level Annotations

Branches:
Dungeon (1/15)

Altars:


Innate Abilities, Weirdness & Mutations

You are immune to sickness and miasma.
You are immune to poison.
Your flesh is very heat resistant. (rF++)
You are vulnerable to cold. (rC-)
You float through the air rather than walking.
You learn spells naturally, not from books.
Your magical power is your life essence.
You have superior vitality. (+4 HP)


Message History

The giant cockroach closely misses you. The kobold barely misses you.
The giant cockroach barely misses you.
You miss the goblin. You headbutt the goblin.
The goblin is severely wounded.
The goblin hits you with a +0 club. The giant cockroach barely misses you.
Your transformation is almost over.
The kobold throws a stone.
The stone hits you.
The kobold throws a stone.
The stone closely misses you.
The kobold throws a stone.
The stone closely misses you.
The giant cockroach bites you but does no damage.
You barely miss the giant cockroach. The giant cockroach bites you.
You hit the giant cockroach.
You kill the giant cockroach!
The goblin misses you.
You hit the goblin.
You kill the goblin!
You hit the kobold.
You kill the kobold!
Your horns disappear.
You hit the kobold.
The kobold is moderately wounded.
The kobold closely misses you.
You hit the kobold.
The kobold is severely wounded.
The rat closely misses you. The kobold barely misses you.
You miss the kobold.
The kobold is moderately wounded.
The kobold hits you but does no damage. The rat barely misses you.
You closely miss the kobold.
The kobold is moderately wounded.
The kobold barely misses you. The rat bites you.
* * * LOW HITPOINT WARNING * * *
You closely miss the kobold.
The kobold is moderately wounded.
The kobold barely misses you. The rat bites you.
* * * LOW HITPOINT WARNING * * *
You hit the kobold.
You kill the kobold!
The rat bites you.
You die...

##... ..#..#.......÷÷..#
#### #....#.8..8.8..8.#
.... .....#...........#
..(##...##...........#
##....#.##...........# .
#.#.....#..#...........#
.#
#$........#...........##..
##...?......)@..<.........
#?......#.#.r.........#.
#.#........#...........#
##.....###...........#
.....#... #...........#
##...#....#...........#
#####...##.8..8.8..8.#
#....#...÷..[÷÷..#
..#.##.......÷...#


You could see a rat.

Vanquished Creatures
  An endoplasm (D:1)
  A giant cockroach (D:1)
  A goblin (D:1)
  A bat (D:1)
  2 kobolds (D:1)
6 creatures vanquished.

Notes
Turn   | Place    | Note
-------+----------+-------------------------------------------
     0 | D:1      | ces the Djinni Transmuter began the quest for the Orb.
     0 | D:1      | Reached XP level 1. HP: 17/17 MP: 0/0
    89 | D:1      | Slain by a rat

Illustrated notes

Levels and vault maps discovered:
D:1:      giann_forest_graveyard, layout_rooms, serial_forest,
          infiniplex_forest_lined_1, infiniplex_forest_clump_curved,
          infiniplex_forest_lined_2, infiniplex_forest_clump_diagonal,
          infiniplex_forest_clump_double, infiniplex_forest_corner_1,
          infiniplex_forest_zigzag_1, shapermc_ecumenical_altar_mp_vishouse,
          minmay_tall_x

Action                   || total
-------------------------++-------
Melee: Unarmed           ||    13
       Headbutt          ||     2
 Cast: Beastly Appendage ||     3
Armor: Robe              ||     2
Dodge: Dodged            ||    18
